AoeStats
← Runxi24

Arabia

503351028Analyzed
2v2 RM · 1mo ago on Aug 31, 2026· 29m 50s· 4 players
Game mode
Random Map
Map size
Medium (4 player)
Population
200
Speed
Normal
Resources
Standard
Victory
Conquest
Starting age
Dark Age
Ending age
Imperial Age
RankedLock teamsTeams togetherTeam positionsShared explorationLock speedFull tech treeHidden civsTurbo modeCheats
Victory
Defeat
🇪🇸 Portuguese · Spain
1190
+16
🇮🇳 Huns · India
1171
+16
🇩🇪 Sicilians · Germany
1198
-17
🇩🇪 Bulgarians · Germany
1162
-15
Runxi24
7:12 Loom
10:04 Feudal Age
10:32 Double-Bit Axe
16:16 Horse Collar
20:33 Fletching
25:11 Castle Age
26:29 Bow Saw
26:31 Crossbowman
27:09 Bodkin Arrow
Veer_84
6:19 Loom
9:48 Feudal Age
10:37 Double-Bit Axe
10:35 Horse Collar
20:47 Castle Age
19:51 Scale Barding Armor
19:57 Forging
20:41 Gold Mining
21:41 Bloodlines
26:09 Iron Casting
26:19 Husbandry
28:26 Chain Barding Armor
Schlammbeisser
7:20 Loom
9:41 Feudal Age
10:41 Double-Bit Axe
22:38 Wheelbarrow
26:12 Castle Age
24:21 Fletching
25:19 Scale Mail Armor
28:04 Pikeman
KarlDerGrausame
6:38 Loom
10:16 Feudal Age
10:44 Town Watch
14:25 Wheelbarrow
22:30 Castle Age
21:24 Forging
21:41 Scale Mail Armor
21:36 Double-Bit Axe
22:39 Pikeman
23:39 Gambesons
28:59 Iron Casting
Connection lost

Rejoining the realm…

Still unreachable

The connection could not be restored.

Session expired

The server has moved on; the page needs a fresh start.